 Dungeon Crawl Stone Soup version 0.11.3 (webtiles) character file.

78 Rycklaryybbe the Changer (level 2, 0/18 HPs)
             Began as a Sludge Elf Stalker on July 16, 2013.
             Engulfed by their own noxious fumes (2 damage)
             ... on Level 2 of the Dungeon.
             The game lasted 00:04:30 (860 turns).

Rycklaryybbe the Changer (Sludge Elf Stalker)        Turns: 860, Time: 00:04:31

HP   0/18        AC  3     Str 10      XL: 2   Next: 58%
MP   1/3         EV 13     Int 13      God:
Gold 62          SH  0     Dex 15      Spells:  2 memorised,  0 levels left

Res.Fire  : . . .   See Invis. : .   a - +2 elf dagger {=f}
Res.Cold  : . . .   Warding    : .   b - +0 elf robe
Life Prot.: . . .   Conserve   : .   (no shield)
Res.Poison: .       Res.Corr.  : .   (no helmet)
Res.Elec. : .       Clarity    : .   c - +0 elf cloak
Sust.Abil.: . .     Spirit.Shd : .   (no gloves)
Res.Mut.  : .       Stasis     : .   (no boots)
Res.Rott. : .       Ctrl.Telep.: .   (no amulet)
Saprovore : . . .   Levitation : .   (no ring) Ctrl.Flight: .
                                     (no ring)

@: confused, not resistant to hostile enchantments, unstealthy
A: no striking features
a: no special abilities


You were on level 2 of the Dungeon.
You were not hungry.

You visited 1 branch of the dungeon, and saw 3 of its levels.

You collected 42 gold pieces.

Inventory:

Hand weapons
 a - a +2,+2 elven dagger (weapon) {=f}
 n - a +0,+0 club (quivered)
Missiles
 o - a throwing net
Armour
 b - a +0 elven robe (worn)
 c - a +0 elven cloak (worn)
Comestibles
 f - a bread ration
 g - a meat ration
 q - a pear
Scrolls
 j - 3 scrolls of identify {unknown}
 k - a scroll of curse armour {unknown}
 l - a scroll of random uselessness {unknown}
 m - a scroll of remove curse {unknown}
 p - a scroll of curse jewellery {unknown}
Potions
 e - 5 potions of confusion
 h - a potion of degeneration {unknown}
 i - a potion of invisibility {unknown}
Books
 d - a book of Stalking

   Spells                             Type                      Level
   *Fulsome Distillation              Transmutation/Necromancy     1
   *Evaporate                         Fire/Transmutation           2
   Passwall                           Transmutation/Earth          3
   Petrify                            Transmutation/Earth          4
   Dig                                Transmutation/Earth          4


   Skills:
 - Level 1.1 Fighting
 - Level 0.8 Short Blades
 - Level 2.4 Dodging
 - Level 2.8 Stealth
 - Level 2.4 Stabbing
 - Level 1.2 Spellcasting
 - Level 0.3 Necromancy
 + Level 3.0 Transmutations


You couldn't memorise any spells.
You knew the following spells:

 Your Spells              Type           Power        Failure   Level  Hunger
a - Fulsome Distillation  Trmt/Necr      N/A          17%         1    ##.....
b - Evaporate             Fire/Trmt      #......      24%         2    ###....


Dungeon Overview and Level Annotations

Branches:
Dungeon (3/27)

Altars:

Annotations
D:3 Sigmund


Message History

You barely miss the hobgoblin.
The hobgoblin is heavily wounded.
The goblin barely misses you. The giant cockroach misses you.
The hobgoblin hits you but does no damage.
Casting: Fulsome Distillation
Confirm with . or Enter, or press ? or * to list all spells.
Throw which potion? (? for menu, Esc to quit)
Where do you want to aim your 6 potions of confusion?
Aiming: Evaporate
Press: ? - help, Shift-Dir - straight line, f - hobgoblin
Aim: a hobgoblin, wielding a club (heavily wounded) That beam is likely to hit you.
Continue anyway?
The potion explodes!
The cloud engulfs the giant cockroach.
The cloud engulfs the hobgoblin.
The hobgoblin is heavily wounded.
The cloud engulfs the goblin.
The cloud engulfs you!
* * * LOW HITPOINT WARNING * * *
You are engulfed in noxious fumes.
You choke on the stench!
You are confused.
You die...

#.###############
#.....§g@........
#.....gs#########
#.....§.#
##......#
#########
#......#
#....g..#
#......#
#.#####.#
#......# #.# #.#
......# #.# #.#
###### #.#####.#


You could see a giant cockroach, a hobgoblin and a goblin.

Vanquished Creatures
  A giant gecko (D:1)
  2 giant cockroaches (D:3)
  4 goblins (D:1)
  2 hobgoblins (D:1)
  A bat (D:1)
  2 giant newts
  2 kobolds
14 creatures vanquished.

Notes
Turn   | Place    | Note
--------------------------------------------------------------
     0 | D:1      | Rycklaryybbe, the Sludge Elf Stalker, began the quest for the Orb.
     0 | D:1      | Reached XP level 1. HP: 13/13 MP: 1/1
     8 | D:1      | Noticed a yaktaur
     8 | D:1      | Noticed a brain worm
     8 | D:1      | Noticed a swamp drake
   179 | D:1      | Reached XP level 2. HP: 18/18 MP: 3/3
   731 | D:3      | Learned a level 2 spell: Evaporate
   758 | D:3      | Reached skill level 3 in Transmutations
   825 | D:3      | Noticed Sigmund
   860 | D:2      | Engulfed by their own noxious fumes
